 Dungeon Crawl Stone Soup version 0.28-a0-1415-g7c84da036a (webtiles) character file.

Game seed: 1362337528115429684

70976 avis the Stormcaller (level 15, -9/92 HPs)
             Began as a Tengu Air Elementalist on Jan 7, 2022.
             Was an Initiate of Gozag.
             Killed from afar by an ice statue (27 damage)
             ... with a shard of ice
             ... in a Gauntlet on Jan 8, 2022.
             The game lasted 03:00:13 (33014 turns).

avis the Stormcaller (Tengu Air Elementalist)      Turns: 33014, Time: 03:00:14

Health: -9/92      AC: 19    Str: 12    XL:     15   Next: 35%
Magic:  1/30       EV: 22    Int: 18    God:    Gozag
Gold:   3453       SH:  5    Dex: 16    Spells: 15/34 levels left

rFire   . . .      SeeInvis .   a - +8 war axe of Zeimog Ityqu {vorpal, Will+}
rCold   . . .      Faith    .   (no shield)
rNeg    . . .      Spirit   .   M - +5 steam dragon scales
rPois   +          Reflect  +   D - +2 hat {Will+}
rElec   .          Harm     .   (no cloak)
rCorr   .          Rampage  .   B - +0 pair of gloves
Will    +++..      NoTele   +   (boots unavailable)
Stlth   ++........              f - amulet of reflection
HPRegen 0.25/turn               g - +4 ring of protection
MPRegen 0.22/turn               h - ring of poison resistance

@: flying quickly and evasively, very slightly contaminated, quick
A: beak, talons 3, nimble flight
a: Renounce Religion, Potion Petition, Call Merchant, Bribe Branch


You were in a Gauntlet.
You worshipped Gozag.
Gozag was most pleased with you.
You visited 3 branches of the dungeon, and saw 17 of its levels.
You also visited: Bailey and Gauntlet.

You collected 4872 gold pieces.
You spent 583 gold pieces at shops.
You paid 836 gold pieces to Gozag.

Inventory:

Hand Weapons
 a - the +8 war axe of Zeimog Ityqu (weapon) {vorpal, Will+}
   (You found it on level 6 of the Dungeon)

   It inflicts extra damage upon your enemies.
   Will:      It increases your willpower.
 b - a +2 broad axe of draining
 w - the +10 arbalest of Vicottes {elec, +Blink Dex+8}
   (You found it on level 1 of the Lair of Beasts)

   Any ammunition fired from it occasionally discharges a powerful burst of
   electricity upon striking a foe.
   Dex:       It affects your dexterity (+8).
   +Blink:    It lets you blink.
Missiles
 e - 59 bolts
 F - a curare-tipped dart
 N - 12 poisoned darts
Armour
 i - a +0 buckler
 B - a +0 pair of gloves (worn)
 D - a +2 hat of willpower (worn)
 M - +5 steam dragon scales (worn)
Jewellery
 f - an amulet of reflection (around neck)
 g - a +4 ring of protection (left hand)
 h - a ring of poison resistance (right hand)
 p - a ring of wizardry
Wands
 r - a wand of iceblast (28)
 v - a wand of polymorph (4)
 y - a wand of charming (4)
 H - a wand of flame (32)
 K - a wand of paralysis (10)
Scrolls
 d - a scroll of fog {unknown}
 j - a scroll of brand weapon {unknown}
 l - a scroll of magic mapping
 m - 3 scrolls of fear {unknown}
 x - 6 scrolls of teleportation
 z - a scroll of silence {unknown}
 C - a scroll of immolation {unknown}
 L - 2 scrolls of amnesia {unknown}
 O - a scroll of holy word {unknown}
 S - 4 scrolls of summoning
 T - 5 scrolls of blinking {unknown}
Potions
 c - a potion of attraction
 k - 4 potions of might
 n - a potion of haste
 o - 4 potions of magic
 s - a potion of ambrosia
 t - 5 potions of curing
 A - a potion of heal wounds
 I - 3 potions of brilliance
 J - 3 potions of cancellation
 P - 3 potions of resistance
 U - 2 potions of invisibility


   Skills:
 - Level 10.0 Fighting
 + Level 7.3 Axes
 - Level 10.0 Armour
 - Level 12.0 Dodging
 - Level 2.0 Stealth
 - Level 4.0 Shields
 - Level 10.0 Spellcasting
 - Level 10.0 Conjurations
 - Level 15.0 Air Magic
 - Level 5.0 Evocations


You had 15 spell levels left.
You knew the following spells:

 Your Spells              Type           Power      Damage    Failure   Level
a - Shock                 Conj/Air       100%       1d9       1%          1
d - Static Discharge      Conj/Air       52%        N/A       1%          2
f - Swiftness             Air            58%        N/A       1%          3
k - Airstrike             Air            29%        N/A       1%          4
l - Summon Lightning Spi  Summ/Air       36%        N/A       3%          4
B - Lightning Bolt        Conj/Air       26%        1d42      1%          5

Your spell library contained the following spells:

 Spells                   Type           Power      Damage    Failure   Level
 Foxfire                  Conj/Fire      100%       2x1d9     1%          1
 Conjure Flame            Conj/Fire      27%        6-21      3%          3
 Stone Arrow              Conj/Erth      54%        3d10      3%          3
 Animate Skeleton         Necr           18%        N/A       8%          1
 Apportation              Tloc           18%        N/A       8%          1
 Summon Small Mammal      Summ           36%        N/A       8%          1
 Flame Wave               Conj/Fire      27%        2d6       10%         4
 Sticky Flame             Conj/Fire      27%        2d5       10%         4
 Blink                    Tloc           18%        N/A       12%         2
 Ensorcelled Hibernation  Hex/Ice        18%        N/A       12%         2
 Scorch                   Fire           18%        2d5       12%         2
 Frozen Ramparts          Ice            18%        1d3       24%         3
 Inner Flame              Hex/Fire       9%         N/A       24%         3
 Lesser Beckoning         Tloc           9%         N/A       24%         3
 Tukima's Dance           Hex            9%         N/A       24%         3
 Animate Armour           Summ/Erth      18%        N/A       61%         4
 Dispel Undead            Necr           9%         3d8       61%         4
 Ice Form                 Ice/Tmut       9%         N/A       61%         4
 Petrify                  Tmut/Erth      9%         N/A       61%         4
 Summon Ice Beast         Ice/Summ       9%         N/A       61%         4
 Maxwell's Capacitive Co  Air            29%        ∞         73%         8
 Iron Shot                Conj/Erth      13%        9d3       83%         6
 Blade Hands              Tmut           4%         N/A       91%         5
 Manifold Assault         Tloc           9%         N/A       91%         5
 Metabolic Englaciation   Hex/Ice        4%         N/A       91%         5
 Storm Form               Tmut/Air       18%        N/A       97%         7
 Statue Form              Tmut/Erth      6%         N/A       100%        6
 Summon Cactus Giant      Summ           4%         N/A       100%        6
 Enfeeble                 Hex            4%         N/A       100%        7
 Lehudib's Crystal Spear  Conj/Erth      13%        10d5      100%        8


Dungeon Overview and Level Annotations

Branches:
Dungeon (11/15)            Temple (1/1) D:6            Lair (5/6) D:8
 Shoals (0/4) Lair:4       Spider (0/4) Lair:3        Slime (0/5) Lair:5
    Orc (0/2) D:10         Bailey (visited)         Gauntlet (1/1)

Altars:
Ashenzari
Cheibriados
Dithmenos
Elyvilon
Fedhas
Gozag
Hepliaklqana
Kikubaaqudgha
Makhleb
Nemelex Xobeh
Okawaru
Qazlal
Ru
Sif Muna
Trog
Uskayaw
Vehumet
Wu Jian
Xom
Yredelemnul
Zin
The Shining One
Beogh
Jiyva

Shops:
D:9 =   D:10 [   D:11 =

Portals:
Trove: D:11 (give 2 scrolls of acquirement)

Annotations:
D:9 exclusion: obsidian statue Gauntlet 9 transporters, exclusion: ice statue


Innate Abilities, Weirdness & Mutations

You have a beak for a mouth.
You have claws for feet.
Your magical nature lets you fly swiftly and evasively.


Message History

Confirm with . or Enter, or press ? or * to list all spells.
Aiming: Lightning Bolt (dangerous; 1% risk of failure)
Press: ? - help, Shift-Dir - straight line You hear a mighty clap of thunder!
The bolt of lightning hits the ice statue!
The ice statue resists.
The ice statue is heavily damaged.
The bolt of lightning hits the ice statue!
The ice statue resists.
The ice statue is heavily damaged.
You are engulfed in freezing vapours.
The ice statue gestures at you. The freezing blast engulfs you!
* * * LOW HITPOINT WARNING * * *
Casting: Lightning Bolt (dangerous; 1% risk of failure)
Confirm with . or Enter, or press ? or * to list all spells.
Aiming: Lightning Bolt (dangerous; 1% risk of failure)
Press: ? - help, Shift-Dir - straight line You miscast Lightning Bolt.
You are very lightly contaminated with residual magic.
Nothing appears to happen.
You are engulfed in freezing vapours.
Casting: Lightning Bolt (dangerous; 1% risk of failure)
Confirm with . or Enter, or press ? or * to list all spells.
Aiming: Lightning Bolt (dangerous; 1% risk of failure)
Press: ? - help, Shift-Dir - straight line You hear a mighty clap of thunder!
The bolt of lightning hits the ice statue!
The ice statue resists.
The ice statue is severely damaged.
The bolt of lightning hits the ice statue.
The ice statue resists.
The ice statue is severely damaged.
The meliai buzzes angrily.
You are engulfed in freezing vapours.
* * * LOW HITPOINT WARNING * * *
The ice beast completely misses you. The ice statue gestures at you.
The shard of ice hits you!!
You die...
Your body crumbles into a pile of gold.

.................................
.................................
.###########...###########...####
.#.........#.8.#.........#.8.#...
.#.#.....#.#...#.#.#.#.#.#...#..#
.#(.##.##..#####..#°#.#..#####.#.
.#$.##.##..#...#°#°#.#.#.#...#.#.
.#©.#.©.#.y#©.©#Y8#.©.#..#©.©#©.#
.#..##.##.y#...#@#.#.#.#.#...#.#.
.#=.##.##.y#####○°#.#.#..#####.#.
.#.#.....#.#...#.#○#.#.#.#...#..#
.#.........#...#.........#...#...
.###########...###########...####
.............≈.............≈.....
............≈8≈...........≈8≈....
.............≈.............≈.....
.###########...###########...####


You could see an ice statue, an ice beast (summoned) and 3 meliai.

Vanquished Creatures
  Gastronok (Lair:1)
  11 hydras
  Erolcha (D:11)
  A boulder beetle (D:11)
  A catoblepas (Lair:3)
  2 death yaks (Lair:4)
  Nergalle (D:8)
  Pikel (D:9)
  2 orc knights (Bailey)
  A cyclops (D:7)
  A merfolk siren (Lair:4)
  3 black mambas (Lair:2)
  18 elephants
  13 cane toads
  4 rime drakes
  Psyche (D:8)
  An unseen horror (D:6)
  A kobold demonologist (D:11)
  Maggie (D:6)
  10 komodo dragons
  An ice devil (Gauntlet)
  A troll (D:9)
  Prince Ribbit (Lair:1)
  2 hornets
  20 blink frogs
  2 meliai zombies (D:11)
  7 wyverns
  5 basilisks
  A vampire (D:10)
  31 yaks
  4 steam dragons
  2 redbacks (Lair:3)
  4 vampire mosquitoes (D:11)
  12 water moccasins
  3 ice beasts
  7 orc warriors
  22 wolves
  3 ogres
  A centaur (D:8)
  A lemure (D:9)
  4 kobold brigands
  14 bullfrogs
  3 scorpions
  5 killer bees (D:11)
  9 wights
  6 electric eels (D:7)
  3 howler monkeys (D:11)
  A bullfrog zombie (D:6)
  3 centaur zombies
  7 orc priests
  A hound (D:6)
  A bullfrog skeleton (D:5)
  2 iguanas
  17 orc wizards
  4 killer bee zombies
  2 hound zombies
  Robin (D:4)
  5 gnolls
  3 adders
  A howler monkey skeleton (D:7)
  A shadow imp (D:6)
  3 white imps
  An adder zombie (D:3)
  An adder skeleton (D:4)
  2 dart slugs
  51 orcs
  12 bats
  An endoplasm (D:2)
  A giant cockroach (D:3)
  19 goblins
  15 hobgoblins
  3 jackals (D:1)
  16 kobolds
  2 quokkas
  5 ball pythons
  A frilled lizard (D:1)
  A quokka zombie (D:3)
  7 rats
439 creatures vanquished.

Vanquished Creatures (collateral kills)
  2 yaks (Lair:3)
  An orc warrior (Bailey)
  2 orcs (Bailey)
5 creatures vanquished.

Vanquished Creatures (others)
  21 demonic plants (Gauntlet)
  45 fungi
  52 plants
118 creatures vanquished.

Grand Total: 562 creatures vanquished

Notes
Turn   | Place    | Note
-------+----------+-------------------------------------------
     0 | D:1      | avis the Tengu Air Elementalist began the quest for the
                  | Orb.
     0 | D:1      | Reached XP level 1. HP: 10/10 MP: 4/4
    39 | D:1      | Reached skill level 1 in Fighting
   182 | D:1      | Reached XP level 2. HP: 16/16 MP: 4/6
   307 | D:1      | Found a faded altar of an unknown god.
   500 | D:1      | Reached skill level 5 in Air Magic
   558 | D:1      | Learned a level 2 spell: Static Discharge
   644 | D:1      | Reached XP level 3. HP: 20/20 MP: 5/7
   690 | D:1      | Found Odyntuer's Magic Scroll Emporium.
  2230 | D:3      | Found a bloodstained altar of Trog.
  2342 | D:3      | Found a hazy altar of Hepliaklqana.
  2343 | D:3      | Noticed Robin
  2344 | D:3      | Found a shimmering altar of Xom.
  2439 | D:3      | Found an ancient bone altar of Kikubaaqudgha.
  2439 | D:3      | Found a burning altar of Makhleb.
  2441 | D:3      | Found a snail-covered altar of Cheibriados.
  2560 | D:3      | Found a basalt altar of Yredelemnul.
  2583 | D:3      | Reached skill level 6 in Air Magic
  2583 | D:3      | Reached XP level 4. HP: 20/25 MP: 0/8
  2588 | D:3      | Learned a level 4 spell: Airstrike
  3764 | D:4      | Killed Robin
  3765 | D:4      | Gained mutation: Your magical nature lets you fly swiftly
                  | and evasively. [Tengu growth]
  3765 | D:4      | Reached XP level 5. HP: 14/29 MP: 1/9
  4726 | D:5      | Entered Level 5 of the Dungeon
  4797 | D:5      | Noticed an ogre
  4798 | D:5      | Reached skill level 5 in Conjurations
  4799 | D:5      | Noticed an ogre
  4801 | D:5      | Reached XP level 6. HP: 27/34 MP: 0/10
  5292 | D:5      | Reached skill level 5 in Dodging
  5383 | D:5      | Noticed an ice beast
  5389 | D:5      | Reached XP level 7. HP: 34/38 MP: 6/11
  5632 | D:5      | Reached skill level 7 in Air Magic
  6142 | D:6      | Killed an unseen horror
  6143 | D:6      | Reached skill level 5 in Spellcasting
  6143 | D:6      | Reached XP level 8. HP: 30/44 MP: 4/16
  6543 | D:6      | Identified the +8 war axe of Zeimog Ityqu {vorpal, Will+}
  7121 | D:6      | Noticed Maggie
  7138 | D:6      | Killed Maggie
  7139 | D:6      | Reached skill level 5 in Fighting
  7139 | D:6      | Reached skill level 8 in Air Magic
  7173 | D:6      | Found a staircase to the Ecumenical Temple.
  7182 | Temple   | Entered the Ecumenical Temple
  7441 | Temple   | Became a worshipper of Gozag Ym Sagoz the Greedy
  7589 | D:1      | Bought a scroll of noise for 13 gold pieces
  7589 | D:1      | Bought a scroll of identify for 26 gold pieces
  7589 | D:1      | Bought a scroll of identify for 26 gold pieces
  7589 | D:1      | Bought a scroll of identify for 26 gold pieces
  7589 | D:1      | Bought a scroll of identify for 26 gold pieces
  7770 | D:6      | Learned a level 3 spell: Swiftness
  7945 | D:7      | Reached skill level 9 in Air Magic
  7945 | D:7      | Reached XP level 9. HP: 52/54 MP: 10/17
  8046 | D:7      | Reached skill level 10 in Air Magic
  8046 | D:7      | Reached skill level 1 in Armour
  8324 | D:7      | Noticed a cyclops
  8450 | D:7      | Killed a cyclops
  9420 | D:7      | Found a shadowy altar of Dithmenos.
  9801 | D:7      | Reached XP level 10. HP: 40/66 MP: 10/18
 10036 | D:8      | Noticed Psyche
 10040 | D:8      | Killed Psyche
 10149 | D:8      | Reached skill level 10 in Fighting
 10298 | D:8      | Found a staircase to the Lair.
 10323 | D:8      | Found a stormy altar of Qazlal.
 11027 | D:1      | Bought a scroll of magic mapping for 45 gold pieces
 11027 | D:1      | Bought a scroll of teleportation for 39 gold pieces
 11027 | D:1      | Bought a scroll of torment for 97 gold pieces
 11027 | D:1      | Bought 2 scrolls of enchant armour for 195 gold pieces
 11027 | D:1      | Bought a scroll of magic mapping for 45 gold pieces
 11027 | D:1      | Bought a scroll of magic mapping for 45 gold pieces
 11202 | Lair:1   | Entered Level 1 of the Lair of Beasts
 11202 | Lair:1   | Noticed a cane toad
 11206 | Lair:1   | Killed a cane toad
 11315 | Lair:1   | Reached skill level 5 in Armour
 11434 | Lair:1   | Identified the +10 arbalest of Vicottes {elec, +Blink
                  | Dex+8}
 11537 | Lair:1   | Noticed a cane toad
 11543 | Lair:1   | Noticed Nergalle
 11738 | D:8      | Killed Nergalle
 11984 | Lair:1   | Killed a cane toad
 12148 | Lair:1   | Noticed an eight-headed hydra
 12336 | Lair:1   | Noticed Prince Ribbit
 12359 | Lair:1   | Reached XP level 11. HP: 72/72 MP: 12/23
 12468 | Lair:1   | Killed Prince Ribbit
 12826 | Lair:1   | Killed an eight-headed hydra
 13410 | Lair:1   | Upgraded the game from 0.28-a0-1412-gf95308ed99 to
                  | 0.28-a0-1415-g7c84da036a
 14118 | Lair:2   | Reached skill level 10 in Spellcasting
 14495 | Lair:2   | Reached skill level 11 in Air Magic
 14715 | Lair:2   | You are sucked into a shaft and drop 2 floors!
 14842 | Lair:2   | Noticed Gastronok
 14894 | Lair:1   | Reached skill level 12 in Air Magic
 15440 | Lair:1   | Killed Gastronok
 15441 | Lair:1   | Reached XP level 12. HP: 20/77 MP: 19/27
 15722 | Lair:2   | Noticed a six-headed hydra
 15722 | Lair:2   | Noticed a seven-headed hydra
 15762 | Lair:2   | Killed a six-headed hydra
 16287 | Lair:2   | Noticed a five-headed hydra
 16424 | Lair:2   | Killed a five-headed hydra
 16909 | Lair:2   | Learned a level 5 spell: Lightning Bolt
 16914 | Lair:2   | Learned a level 4 spell: Summon Lightning Spire
 16958 | Lair:1   | Reached skill level 10 in Armour
 16967 | Lair:2   | Killed a seven-headed hydra
 18195 | Lair:3   | Noticed a seven-headed hydra
 18624 | Lair:2   | Killed a seven-headed hydra
 19600 | Lair:2   | Reached skill level 10 in Dodging
 19605 | Lair:2   | Reached XP level 13. HP: 25/82 MP: 12/28
 20980 | Lair:3   | Reached skill level 10 in Conjurations
 20998 | Lair:3   | Found a hole to the Spider Nest.
 22585 | D:9      | Reached skill level 13 in Air Magic
 22619 | D:9      | Noticed Pikel
 22621 | D:9      | Killed Pikel
 22836 | D:9      | Found Get Ohemie's Jewellery Shop.
 23382 | D:9      | Found a runed translucent door.
 23396 | D:9      | Found a runed translucent door.
 23461 | D:9      | Found a runed translucent door.
 23477 | D:9      | Found a runed translucent door.
 23785 | D:10     | Entered Level 10 of the Dungeon
 23807 | D:10     | Found Nerchudghe's Armour Boutique.
 23897 | D:10     | Found a staircase to the Orcish Mines.
 23908 | D:10     | Found a flagged portal.
 23920 | Bailey   | Entered a bailey
 24966 | Bailey   | Acquired 567 gold pieces
 27239 | Lair:4   | Reached skill level 14 in Air Magic
 27239 | Lair:4   | Reached XP level 14. HP: 47/88 MP: 23/29
 27244 | Lair:4   | Reached skill level 5 in Evocations
 27794 | Lair:4   | Reached skill level 15 in Air Magic
 27867 | Lair:4   | Reached skill level 1 in Axes
 27959 | Lair:4   | Found a staircase to the Shoals.
 28081 | Lair:4   | Reached XP level 15. HP: 79/92 MP: 4/30
 29656 | D:9      | Reached skill level 5 in Axes
 30025 | D:11     | Reached skill level 1 in Shields
 30544 | D:11     | Found Deucieddaj's Jewellery Emporium.
 30829 | D:11     | Found a portal to a secret trove of treasure.
 30902 | D:11     | Noticed Erolcha
 31053 | D:11     | Killed Erolcha
 32085 | Lair:5   | Found a gate leading to a gauntlet.
 32232 | Lair:5   | Found a staircase to the Slime Pits.
 32232 | Lair:5   | Found a viscous altar of Jiyva.
 32526 | Gauntlet | Entered a Gauntlet
 32526 | Gauntlet | Found a transporter.
 32526 | Gauntlet | Found a transporter.
 32526 | Gauntlet | Found a transporter.
 32527 | Gauntlet | Found a transporter.
 32530 | Gauntlet | Found a transporter.
 32530 | Gauntlet | Found a transporter.
 32541 | Gauntlet | Found a transporter.
 32541 | Gauntlet | Found a transporter.
 32544 | Gauntlet | Found a transporter.
 32544 | Gauntlet | Found a transporter.
 32555 | Gauntlet | Found a transporter.
 32558 | Gauntlet | Found a transporter.
 33014 | Gauntlet | Killed from afar by an ice statue

Illustrated notes

Levels and vault maps discovered:
D:1:      lightli_arrival_noodles, layout_basic, serial_shops, shop,
          dilly_ecumenical_altar_fadedgnrine, minivault_24
D:2:      layout_loops_ring
D:3:      layout_rooms, nicolae_overflow_hidden_temple,
          nicolae_yredelemnul_corpse_copse, mainiacjoe_overflow_cross_hatched,
          chequers_serial_rivers_micro_c, corexii_item_surrounded_by_moat,
          uniq_robin
D:4:      layout_basic, minmay_hedge_maze
D:5:      layout_rooms, corexii_leaking_fountain, st_stairs_11
D:6:      layout_loops_ring, lemuel_temple_firewalk_b,
          chequers_serial_rivers_micro_c, uniq_maggie
D:7:      layout_rooms, grunt_dithmenos_smoke, kennysheep_boxes
D:8:      layout_rooms, mainiacjoe_overflow_brackets, lair_entry_dummy,
          uniq_psyche
D:9:      layout_loops_ring, serial_shops, nicolae_take_the_stairs,
          minmay_statue_crystal_thing, uniq_pikel
D:10:     layout_layer_cave, minmay_orc_entry_temple_large, serial_shops,
          shop_fountains, lightli_bailey_entry_fortress, serial_bayou_crossing
D:11:     layout_loops_corners, nicolae_trove_entry_crossroad, serial_shops,
          nicolae_shop_advertising_works [nicolae_subvault_shop_adworks],
          billiards_dpeg, uniq_erolcha
Temple:   oiseaux_autumnal_temple
Lair:1:   layout_loops_ring, serial_bayou_ford_a, uniq_prince_ribbit2,
          uniq_nergalle
Lair:2:   layout_chaotic_city, minmay_shattered_shrine, uniq_gastronok
Lair:3:   layout_cave_pods, spider_nest_entry_webs,
          chequers_serial_rivers_micro_c, grunt_megastairs_5
Lair:4:   layout_cave_pods, minmay_shoals_entry_lonely_mermaid,
          nicolae_lair_grove_arrangements, beast_lair_carwin_2
Lair:5:   layout_hall_layers, slime_altar_1, gauntlet_entry_generic,
          ebering_ghost_disaster_area, grunt_megastairs_1
Gauntlet: gammafunk_gauntlet_hard_choice [nicolae_gauntlet_arena_quarters,
          gammafunk_gauntlet_arena_crates, gammafunk_gauntlet_arena_grid,
          gammafunk_gauntlet_arena_hedges, nicolae_gauntlet_arena_blocks,
          gammafunk_gauntlet_arena_split_diamond, gauntlet_exit_hidden_loot]

Skill      XL: |  1  2  3  4  5  6  7  8  9 10 11 12 13 14 15 |
---------------+----------------------------------------------+-----
Fighting       | 1 5 9 10 | 10.0
Air Magic      | 5 6 7 9 10 12 14 15 | 15.0
Dodging        | 3 5 10 12 | 12.0
Conjurations   | 3 5 10 | 10.0
Spellcasting   | 5 7 10 | 10.0
Armour         | 1 5 7 10 | 10.0
Evocations     | 4 5 |  5.0
Axes           | 3 7 |  7.3
Shields        | 4 |  4.0
Stealth        | |  2.0

Action                   |  1- 3 |  4- 6 |  7- 9 | 10-12 | 13-15 || total
-------------------------+-------+-------+-------+-------+-------++-------
Melee: Dagger            |     7 |       |       |       |       ||     7
       Falchion          |     5 |     5 |       |       |       ||    10
       Kick              |     5 |     3 |     5 |    12 |    52 ||    77
       Peck              |     1 |     2 |     1 |     6 |    35 ||    45
       War axe           |       |       |     8 |    27 |   125 ||   160
       Punch             |       |       |       |     1 |     2 ||     3
 Cast: Shock             |    67 |    77 |    56 |     2 |     3 ||   205
       Static Discharge  |     3 |    22 |    43 |   143 |   133 ||   344
       Airstrike         |       |       |    36 |   153 |   191 ||   380
       Lightning Bolt    |       |       |       |     6 |    61 ||    67
       Summon Lightning  |       |       |       |       |     7 ||     7
Invok: Potion Petition   |       |       |       |       |     3 ||     3
Evoke: Wand              |       |       |       |       |     9 ||     9
  Use: Scroll            |       |       |     8 |     8 |    10 ||    26
       Potion            |       |       |       |     1 |     1 ||     2
 Stab: Sleeping          |       |       |     1 |       |       ||     1
       Paralysed         |       |       |       |       |     4 ||     4
Armor: Robe              |     7 |       |       |       |       ||     7
       Leather armour    |       |    13 |     3 |       |       ||    16
       Steam dragon scal |       |       |     9 |    95 |   126 ||   230
Dodge: Dodged            |    17 |    36 |    40 |   247 |   389 ||   729
Block: Other             |       |     6 |    11 |    75 |    94 ||   186
       Reflection        |       |       |       |     1 |       ||     1

Table legend: (Time is in decaauts)
 A = Elapsed time spent in this place.
 B = Non-inter-level travel time spent in this place.
 C = Inter-level travel time spent in this place.
 D = Time resting spent in this place.
 E = Time spent auto-exploring this place.
 F = Levels seen in this place.
 G = Mean time per level.
                   A        B        C        D        E       F      G
               +--------+--------+--------+--------+--------+-----+--------+
         Total |  31994 |  29017 |   2977 |  15061 |   7748 |  19 | 1683.9 |
       Dungeon |  16840 |  14590 |   2250 |   6364 |   5021 |  11 | 1530.9 |
        Temple |    288 |    244 |     44 |      0 |    198 |   1 |  288.0 |
          Lair |  13367 |  12686 |    681 |   7810 |   2527 |   5 | 2673.4 |
        Bailey |   1032 |   1032 |      0 |    656 |      0 |   1 | 1032.0 |
      Gauntlet |    464 |    464 |      0 |    229 |      0 |   1 |  464.0 |
               +--------+--------+--------+--------+--------+-----+--------+

Top non-repeatable levels by time:
  Lair:1: 4684 daAuts
  Lair:2: 3929 daAuts
  Lair:4: 2653 daAuts
    D:10: 2462 daAuts
  Lair:3: 2019 daAuts
     D:6: 1908 daAuts
     D:8: 1839 daAuts
     D:7: 1671 daAuts
    D:11: 1621 daAuts
     D:4: 1576 daAuts
     D:1: 1551 daAuts
     D:3: 1294 daAuts
     D:9: 1150 daAuts
  Bailey: 1032 daAuts
     D:5: 897 daAuts
